Panthers vs Golden Knights

Created - 17 novembre 2023 at 14:20

Goals
1 2 3 OT1 T
Panthers 1 1 2 0 4
Golden Knights 3 0 1 1 5
Shots
1 2 3 OT1 T
Panthers 7 6 24 2 39
Golden Knights 8 20 11 1 40

GoalsPenalties
1st period
1. Golden Knights , Brock Boeser 4 (Evgeni Malkin 10) at 2:02 (PP)
2. Panthers , Mike Hoffman 6 (Anthony Cirelli 3) at 14:16
3. Golden Knights , Blake Coleman 5 (Ondrej Palat 9, Nic Dowd 6) at 16:56
4. Golden Knights , Brock Boeser 5 (Evgeni Malkin 11) at 17:20
Garnet Hathaway (FLA) for Interference (Minor) at 1:44
Ondrej Palat (VGK) for Interference (Minor) at 2:52
Marcus Foligno (FLA) for Holding (Minor) at 8:23
2nd period
5. Panthers , Teuvo Teravainen 6 (Mike Hoffman 8, Joshua Norris 11) at 19:13 (PP)
Evgeni Malkin (VGK) for Hooking (Minor) at 1:21
Garnet Hathaway (FLA) for Tripping (Minor) at 10:21
Evgeni Malkin (VGK) for Holding Stick (Minor) at 17:23
3rd period
6. Panthers , Mike Hoffman 7 (Joshua Norris 12) at 9:20
7. Panthers , Kevin Labanc 5 (Garnet Hathaway 4, Jamie Oleksiak 3) at 10:15
8. Golden Knights , Blake Coleman 6 (Ondrej Palat 10, Johnathan Kovacevic 5) at 13:11 (PP)
Michael Matheson (FLA) for Hooking (Minor) at 12:36
Johnathan Kovacevic (VGK) for Elbowing (Minor) at 18:11
Overtime #1
9. Golden Knights , Brock Boeser 6 (Evgeni Malkin 12) at 1:54
No Penalty
Goalie Stats
Antti Raanta (FLA), 35 saves from 40 shots - (0,875), OTL, 7-3-1, 61:54 minutes
Connor Hellebuyck (VGK), 35 saves from 39 shots - (0,897), W, 9-3-1, 61:54 minutes
3 StarsOfficial
1 - Brock Boeser (VGK)
2 - Mike Hoffman (FLA)
3 - Blake Coleman (VGK)
Referees : Justin St. Pierre and Tom Chmielewski
Linesman : David Brisebois and Devin Berg
Game Note
Brock Boeser has scored a Hat Trick!
Finance
Level 1 -- Attendance: 6000 (100,00%) -- Ticket Income $450,000
Level 2 -- Attendance: 4975 (99,50%) -- Ticket Income $323,375
Level 3 -- Attendance: 1627 (81,35%) -- Ticket Income $73,215
Level 4 -- Attendance: 2347 (58,68%) -- Ticket Income $82,145
Luxury Box -- Attendance: 1000 (100,00%) -- Ticket Income $125,000
Game was played at the T-Mobile arena.
Total Attendance: 15949 (88,61%)
Total Ticket Income: $1,053,735
Other Income: $516,330
Total Income: $1,570,065



Team Name Goals Shots Shots Attemp Shots Blocked PIM HIT PP PK FO%
Panthers 43982118221 / 4 (25%)255%
Golden Knights 54068198122 / 4 (50%)145%

Panthers
Player Name POS G A P +/- PIM HIT SHT SB MP PP MP PP SHT PK MP PK SHT FO% FOT GA TA
Andrew PeekeD0000031524:124:0602:4900% 001
Anthony CirelliC/LW/RW0110023017:523:5010:06067% 310
Garnet HathawayC/LW/RW0110421013:370:0000:00023% 1300
J.J. MoserD000-1001014:400:0000:0000% 000
Jamie OleksiakD0112023022:493:3002:0200% 000
Jonas SiegenthalerD000-1001014:400:0000:0000% 000
Josh ArchibaldLW/RW000001217:350:0000:0000% 000
Joshua NorrisC0220031020:033:4612:14065% 2300
Kevin LabancLW/RW1010004013:020:0000:0000% 000
Marcus FolignoLW0000233113:030:0000:0000% 001
Michael MathesonD0000200223:453:3002:0200% 000
Mike HoffmanC/RW2131016017:423:4600:06050% 210
Oskar LindblomLW000001107:350:0000:0000% 000
Rocco GrimaldiC/LW/RW000000307:350:0000:0000% 000
Taylor HallC/LW0000010021:083:5002:3100% 110
Teuvo TeravainenC/LW/RW1010012018:343:4612:1400% 020
Tyson BarrieD0001003223:284:0602:4900% 011
Vincent TrocheckC/LW/RW0000024021:083:5002:31067% 1821
Golden Knights
Player Name POS G A P +/- PIM HIT SHT SB MP PP MP PP SHT PK MP PK SHT FO% FOT GA TA
Adam BoqvistD000100009:380:0000:0000% 000
Blake ColemanC/LW/RW202-1012116:041:0710:0000% 010
Brock BoeserRW3032007123:283:4414:212100% 111
Derek StepanC/LW/RW000-100019:250:0000:0000% 200
Evgeni MalkinC/LW/RW0332417219:283:4420:11049% 3700
Gustav LindstromD000100007:080:0000:2300% 001
Jacob BrysonD0000000011:360:0000:4900% 011
Jake EvansC/RW0000001213:480:0004:29118% 1100
Jaycob MegnaD000-1023424:171:4403:0400% 001
Joel KivirantaLW/RW000001007:590:0000:0300% 000
Johnathan KovacevicD011-2200120:451:4402:1400% 000
Mackenzie MacEachernLW000000107:490:0000:0000% 000
Matthew BoldyLW/RW00010010121:563:4422:5000% 000
Nic DowdC011-1011116:041:0700:00075% 810
Nick LeddyD0000002225:503:0714:3210% 003
Ondrej PalatLW/RW022-1244116:031:0700:0000% 000
Phil KesselRW000-1000010:040:0000:3900% 000
Ryan PulockD0000002025:503:0704:3200% 000
Tyler JohnsonC/LW/RW000-1020212:200:0002:5000% 101

Panthers

5 vs 5 Forward
Line #Left WingCenterRight WingPHYDFOFWanted %Time %Time Play
1Taylor HallVincent TrocheckTeuvo Teravainen0233028%13:06
2Anthony CirelliJoshua NorrisMike Hoffman0233029%13:50
3Marcus FolignoGarnet HathawayKevin Labanc0233027%13:02
4Oskar LindblomRocco GrimaldiJosh Archibald0231016%7:35
5 vs 5 Defense
Line #DefenseDefensePHYDFOFWanted %Time %Time Play
1Michael MathesonAndrew Peeke0233234%16:06
2Jamie OleksiakTyson Barrie0233234%16:20
3J.J. MoserJonas Siegenthaler0233131%14:40
4Michael MathesonAndrew Peeke03251%0:27
Power Play Forward
Line #Left WingCenterRight WingPHYDFOFWanted %Time %Time Play
1Taylor HallVincent TrocheckAnthony Cirelli0235050%3:50
2Teuvo TeravainenJoshua NorrisMike Hoffman0235050%3:46
Power Play Defense
Line #DefenseDefensePHYDFOFWanted %Time %Time Play
1Michael MathesonJamie Oleksiak0235046%3:30
2Tyson BarrieAndrew Peeke0235054%4:06
Penalty Kill 4 Players Forward
Line #CenterWingPHYDFOFWanted %Time %Time Play
1Vincent TrocheckTaylor Hall0235052%2:31
2Joshua NorrisTeuvo Teravainen0235048%2:20
Penalty Kill 4 Players Defense
Line #DefenseDefensePHYDFOFWanted %Time %Time Play
1Michael MathesonJamie Oleksiak0325042%2:02
2Tyson BarrieAndrew Peeke0325058%2:49
Penalty Kill 3 Players
Line #WingPHYDFOFWanted %Time %Time PlayDefenseDefensePHYDFOFWanted %Time %Time Play
1Vincent Trocheck023500%0:00 Michael MathesonJamie Oleksiak032500%0:00
2Joshua Norris023500%0:00 Tyson BarrieAndrew Peeke032500%0:00
4 vs 4 Forward
Line #CenterWingPHYDFOFWanted %Time %Time Play
1Vincent TrocheckTaylor Hall02350100%0:11
2Joshua NorrisAnthony Cirelli023500%0:00
4 vs 4 Defense
Line #DefensePHYDFOFWanted %Time %Time Play
1Michael MathesonJamie Oleksiak02350100%50% - 0:11
2Tyson BarrieAndrew Peeke032500%50% - 0:00
Last Minutes Offensive
Left WingCenterRight WingDefenseDefense
Taylor HallVincent TrocheckAnthony CirelliMichael MathesonJamie Oleksiak
Last Minutes Defensive
Left WingCenterRight WingDefenseDefense
Taylor HallJoshua NorrisTeuvo TeravainenMichael MathesonJamie Oleksiak
Time
Total ForwardTotal DefenseLast Minutes OffensiveLast Minutes Defensive
60:11 60:11 0:000:00
Extra Forwards
Normal PowerPlayPenalty Kill
Marcus Foligno, Kevin Labanc, Rocco GrimaldiOskar Lindblom, Garnet HathawayMike Hoffman
Extra Defensemen
Normal PowerPlayPenalty Kill
Jamie Oleksiak, Jonas Siegenthaler, Tyson BarrieJonas Siegenthaler, J.J. MoserJonas Siegenthaler
Penalty Shots
Joshua Norris, Vincent Trocheck, Teuvo Teravainen, Michael Matheson, Anthony Cirelli
Goalie
Antti Raanta, Ville Husso
Custom OT Lines Forwards
Vincent Trocheck, Joshua Norris, Taylor Hall, Anthony Cirelli, Teuvo Teravainen, Marcus Foligno, Mike Hoffman, Oskar Lindblom, Kevin Labanc, Rocco Grimaldi
Custom OT Lines Defensemen
Michael Matheson, Jamie Oleksiak, Tyson Barrie, J.J. Moser, Andrew Peeke
Scratches
Patrick Brown (Healthy), Kevin Lankinen (Healthy)

Golden Knights

5 vs 5 Forward
Line #Left WingCenterRight WingPHYDFOFWanted %Time %Time Play
1Matthew BoldyEvgeni MalkinBrock Boeser0233632%15:17
2Blake ColemanNic DowdOndrej Palat0233432%15:02
3Tyler JohnsonDerek StepanPhil Kessel0321720%9:25
4Mackenzie MacEachernJake EvansJoel Kiviranta0321316%7:49
5 vs 5 Defense
Line #DefenseDefensePHYDFOFWanted %Time %Time Play
1Nick LeddyRyan Pulock0233738%18:11
2Jaycob MegnaJohnathan Kovacevic0233332%15:18
3Adam BoqvistJacob Bryson0321719%8:49
4Gustav LindstromJaycob Megna0321311%5:15
Power Play Forward
Line #Left WingCenterRight WingPHYDFOFWanted %Time %Time Play
1Matthew BoldyEvgeni MalkinBrock Boeser0235577%3:44
2Blake ColemanNic DowdOndrej Palat0234523%1:07
Power Play Defense
Line #DefenseDefensePHYDFOFWanted %Time %Time Play
1Nick LeddyRyan Pulock0235564%3:07
2Jaycob MegnaJohnathan Kovacevic0234536%1:44
Penalty Kill 4 Players Forward
Line #CenterWingPHYDFOFWanted %Time %Time Play
1Jake EvansBrock Boeser0325663%4:46
2Matthew BoldyTyler Johnson0324437%2:50
Penalty Kill 4 Players Defense
Line #DefenseDefensePHYDFOFWanted %Time %Time Play
1Nick LeddyRyan Pulock0325560%4:32
2Jaycob MegnaJohnathan Kovacevic0324540%3:04
Penalty Kill 3 Players
Line #WingPHYDFOFWanted %Time %Time PlayDefenseDefensePHYDFOFWanted %Time %Time Play
1Jake Evans12255100%0:11 Gustav LindstromJohnathan Kovacevic12255100%0:11
2Nic Dowd122450%0:00 Jaycob MegnaJohnathan Kovacevic122450%0:00
4 vs 4 Forward
Line #CenterWingPHYDFOFWanted %Time %Time Play
1Evgeni MalkinBrock Boeser022550%0:00
2Matthew BoldyTyler Johnson122450%0:00
4 vs 4 Defense
Line #DefensePHYDFOFWanted %Time %Time Play
1Nick LeddyRyan Pulock023550%0:00
2Jaycob MegnaJohnathan Kovacevic032450%0:00
Last Minutes Offensive
Left WingCenterRight WingDefenseDefense
Matthew BoldyEvgeni MalkinBrock BoeserAdam BoqvistRyan Pulock
Last Minutes Defensive
Left WingCenterRight WingDefenseDefense
Matthew BoldyEvgeni MalkinBrock BoeserJohnathan KovacevicJaycob Megna
Time
Total ForwardTotal DefenseLast Minutes OffensiveLast Minutes Defensive
60:11 60:11 0:000:00
Extra Forwards
Normal PowerPlayPenalty Kill
Joel Kiviranta, Nic Dowd, Phil KesselOndrej Palat, Nic DowdPhil Kessel
Extra Defensemen
Normal PowerPlayPenalty Kill
Ryan Pulock, Jacob Bryson, Adam BoqvistAdam Boqvist, Jacob BrysonGustav Lindstrom
Penalty Shots
Evgeni Malkin, Brock Boeser, Matthew Boldy, Tyler Johnson, Blake Coleman
Goalie
Connor Hellebuyck, Lukas Dostal
Custom OT Lines Forwards
Evgeni Malkin, Brock Boeser, Matthew Boldy, Tyler Johnson, Blake Coleman, Nic Dowd, Ondrej Palat, Phil Kessel, Jake Evans, Derek Stepan
Custom OT Lines Defensemen
Adam Boqvist, Ryan Pulock, Jaycob Megna, Johnathan Kovacevic, Gustav Lindstrom
Scratches
None


Play-by-Play

1st period


0:01 of 1st period - Evgeni Malkin wins face-off versus Vincent Trocheck in neutral zone.
0:34 of 1st period - Snap shot by Joshua Norris.
0:34 of 1st period - Shot Blocked by Nic Dowd.
0:36 of 1st period - Wrist shot by Mike Hoffman.
0:36 of 1st period - Shot Blocked by Nick Leddy.
0:51 of 1st period - Snap shot by Kevin Labanc.
0:51 of 1st period - Stopped by Connor Hellebuyck with a rebound.
1:15 of 1st period - Snap shot by Teuvo Teravainen.
1:15 of 1st period - Stopped by Connor Hellebuyck with a rebound.
1:20 of 1st period - Off-side.
1:21 of 1st period - Evgeni Malkin wins face-off versus Garnet Hathaway in neutral zone.
1:32 of 1st period - Snap shot by Evgeni Malkin.
1:32 of 1st period - Stopped by Antti Raanta with a rebound.
1:44 of 1st period - Minor Penalty to Garnet Hathaway for Interference.
1:45 of 1st period - Evgeni Malkin wins face-off versus Vincent Trocheck in Panthers zone.
2:02 of 1st period - Wrist shot by Brock Boeser.
2:02 of 1st period - Goal by Brock Boeser - Panthers : 0 - Golden Knights : 1.
2:03 of 1st period - Nic Dowd wins face-off versus Joshua Norris in neutral zone.
2:52 of 1st period - Minor Penalty to Ondrej Palat for Interference.
2:53 of 1st period - Brock Boeser wins face-off versus Anthony Cirelli in Golden Knights zone.
2:53 of 1st period - Brock Boeser is hit by Taylor Hall.
3:31 of 1st period - Wrist shot by Joshua Norris.
3:31 of 1st period - Shot Blocked by Matthew Boldy.
3:33 of 1st period - Slapshot by Michael Matheson.
3:33 of 1st period - Shot Misses the Net.
4:35 of 1st period - Jake Evans is hit by Andrew Peeke and loses puck.
4:46 of 1st period - Ryan Pulock is hit by Vincent Trocheck and loses puck.
4:52 of 1st period - Penalty to Ondrej Palat is over, Ondrej Palat is back on ice.
4:57 of 1st period - Nic Dowd is hit by Joshua Norris.
7:08 of 1st period - Icing by Jonas Siegenthaler.
7:09 of 1st period - Joshua Norris wins face-off versus Derek Stepan in Panthers zone.
7:21 of 1st period - Icing by Nick Leddy.
7:22 of 1st period - Nic Dowd wins face-off versus Taylor Hall in Golden Knights zone.
8:23 of 1st period - Minor Penalty to Marcus Foligno for Holding.
8:24 of 1st period - Joshua Norris wins face-off versus Evgeni Malkin in Panthers zone.
8:30 of 1st period - Snap shot by Teuvo Teravainen.
8:30 of 1st period - Shot Blocked by Evgeni Malkin.
9:12 of 1st period - Brock Boeser is hit by Jamie Oleksiak.
10:23 of 1st period - Penalty to Marcus Foligno is over, Marcus Foligno is back on ice.
10:30 of 1st period - Kevin Labanc is hit by Jaycob Megna and loses puck.
11:17 of 1st period - Phil Kessel is hit by Marcus Foligno and loses puck.
12:20 of 1st period - Wrist shot by Joshua Norris.
12:20 of 1st period - Shot Misses the Net.
12:22 of 1st period - Slapshot by Michael Matheson.
12:22 of 1st period - Shot Misses the Net.
12:31 of 1st period - Off-side.
12:32 of 1st period - Vincent Trocheck wins face-off versus Derek Stepan in neutral zone.
12:47 of 1st period - Snap shot by Taylor Hall.
12:47 of 1st period - Deflect By Vincent Trocheck.
12:47 of 1st period - Deflect By Tyler Johnson.
12:47 of 1st period - Stopped by Connor Hellebuyck without a rebound.
12:48 of 1st period - Joshua Norris wins face-off versus Evgeni Malkin in Golden Knights zone.
13:01 of 1st period - Snap shot by Mike Hoffman.
13:01 of 1st period - Stopped by Connor Hellebuyck with a rebound.
13:03 of 1st period - Wrist shot by Anthony Cirelli.
13:03 of 1st period - Shot Misses the Net.
13:32 of 1st period - Garnet Hathaway is hit by Joel Kiviranta and loses puck.
13:39 of 1st period - Snap shot by Mackenzie MacEachern.
13:39 of 1st period - Stopped by Antti Raanta with a rebound.
13:41 of 1st period - Slapshot by Ryan Pulock.
13:41 of 1st period - Stopped by Antti Raanta without a rebound.
13:42 of 1st period - Vincent Trocheck wins face-off versus Evgeni Malkin in Panthers zone.
13:49 of 1st period - Slapshot by Michael Matheson.
13:49 of 1st period - Shot Blocked by Jaycob Megna.
14:09 of 1st period - Blake Coleman is hit by Andrew Peeke and loses puck.
14:14 of 1st period - Wrist shot by Mike Hoffman.
14:14 of 1st period - Shot Blocked by Jaycob Megna.
14:16 of 1st period - Snap shot by Mike Hoffman.
14:16 of 1st period - Goal by Mike Hoffman - Panthers : 1 - Golden Knights : 1.
14:17 of 1st period - Vincent Trocheck wins face-off versus Evgeni Malkin in neutral zone.
14:24 of 1st period - Snap shot by Vincent Trocheck.
14:24 of 1st period - Shot Misses the Net.
14:26 of 1st period - Snap shot by Taylor Hall.
14:26 of 1st period - Shot Hit the Post.
14:28 of 1st period - Slapshot by Jamie Oleksiak.
14:28 of 1st period - Shot Blocked by Brock Boeser.
14:30 of 1st period - Snap shot by Taylor Hall.
14:30 of 1st period - Shot Misses the Net.
14:32 of 1st period - Wrist shot by Taylor Hall.
14:32 of 1st period - Shot Misses the Net.
14:42 of 1st period - Jamie Oleksiak is hit by Jaycob Megna and loses puck.
15:07 of 1st period - Snap shot by Phil Kessel.
15:07 of 1st period - Shot Misses the Net.
16:17 of 1st period - Wrist shot by Nic Dowd.
16:17 of 1st period - Stopped by Antti Raanta without a rebound.
16:18 of 1st period - Nic Dowd wins face-off versus Garnet Hathaway in Panthers zone.
16:56 of 1st period - Snap shot by Blake Coleman.
16:56 of 1st period - Goal by Blake Coleman - Panthers : 1 - Golden Knights : 2.
16:57 of 1st period - Evgeni Malkin wins face-off versus Garnet Hathaway in neutral zone.
17:00 of 1st period - Wrist shot by Matthew Boldy.
17:00 of 1st period - Stopped by Antti Raanta with a rebound.
17:02 of 1st period - Slapshot by Johnathan Kovacevic.
17:02 of 1st period - Deflect By Brock Boeser.
17:02 of 1st period - Shot Blocked by Marcus Foligno.
17:02 of 1st period - Puck is out of play.
17:03 of 1st period - Evgeni Malkin wins face-off versus Garnet Hathaway in Panthers zone.
17:10 of 1st period - Snap shot by Kevin Labanc.
17:10 of 1st period - Shot Blocked by Evgeni Malkin.
17:20 of 1st period - Slapshot by Brock Boeser.
17:20 of 1st period - Goal by Brock Boeser - Panthers : 1 - Golden Knights : 3.
17:21 of 1st period - Vincent Trocheck wins face-off versus Evgeni Malkin in neutral zone.
17:56 of 1st period - Mike Hoffman is hit by Ondrej Palat and loses puck.
18:15 of 1st period - Slapshot by Kevin Labanc.
18:15 of 1st period - Shot Misses the Net.
18:17 of 1st period - Wrist shot by Garnet Hathaway.
18:17 of 1st period - Shot Misses the Net.
18:19 of 1st period - Slapshot by Andrew Peeke.
18:19 of 1st period - Deflect By Marcus Foligno.
18:19 of 1st period - Stopped by Connor Hellebuyck with a rebound.
18:21 of 1st period - Wrist shot by Kevin Labanc.
18:21 of 1st period - Stopped by Connor Hellebuyck without a rebound.
18:22 of 1st period - Vincent Trocheck wins face-off versus Evgeni Malkin in Golden Knights zone.
18:54 of 1st period - Nic Dowd is hit by Anthony Cirelli and loses puck.
19:15 of 1st period - Wrist shot by Marcus Foligno.
19:15 of 1st period - Deflect By Garnet Hathaway.
19:15 of 1st period - Shot Blocked by Derek Stepan.
19:15 of 1st period - Puck is out of play.
19:16 of 1st period - Vincent Trocheck wins face-off versus Evgeni Malkin in Golden Knights zone.
19:47 of 1st period - Slapshot by Blake Coleman.
19:47 of 1st period - Shot Misses the Net.
Goals for this period are 1 for Panthers vs 3 for Golden Knights.
Shots for this period are 7 for Panthers vs 8 for Golden Knights.

2nd period


0:01 of 2nd period - Joshua Norris wins face-off versus Evgeni Malkin in neutral zone.
0:27 of 2nd period - Blake Coleman is hit by Vincent Trocheck and loses puck.
0:58 of 2nd period - Slapshot by Jaycob Megna.
0:58 of 2nd period - Stopped by Antti Raanta without a rebound.
0:59 of 2nd period - Evgeni Malkin wins face-off versus Garnet Hathaway in Panthers zone.
1:21 of 2nd period - Minor Penalty to Evgeni Malkin for Hooking.
1:22 of 2nd period - Jake Evans wins face-off versus Joshua Norris in Golden Knights zone.
1:35 of 2nd period - Wrist shot by Jake Evans.
1:35 of 2nd period - Stopped by Antti Raanta with a rebound.
1:38 of 2nd period - Icing by Mike Hoffman.
1:39 of 2nd period - Joshua Norris wins face-off versus Jake Evans in Panthers zone.
1:48 of 2nd period - Snap shot by Brock Boeser.
1:48 of 2nd period - Stopped by Antti Raanta with a rebound.
3:12 of 2nd period - Phil Kessel is hit by Anthony Cirelli and loses puck.
3:21 of 2nd period - Penalty to Evgeni Malkin is over, Evgeni Malkin is back on ice.
3:25 of 2nd period - Wrist shot by Evgeni Malkin.
3:25 of 2nd period - Deflect By Matthew Boldy.
3:25 of 2nd period - Stopped by Antti Raanta without a rebound.
3:26 of 2nd period - Nic Dowd wins face-off versus Garnet Hathaway in Panthers zone.
3:39 of 2nd period - Ondrej Palat is hit by Marcus Foligno and loses puck.
3:57 of 2nd period - Phil Kessel is hit by Oskar Lindblom and loses puck.
4:04 of 2nd period - Wrist shot by Rocco Grimaldi.
4:04 of 2nd period - Stopped by Connor Hellebuyck without a rebound.
4:05 of 2nd period - Joshua Norris wins face-off versus Evgeni Malkin in Golden Knights zone.
4:32 of 2nd period - Vincent Trocheck is hit by Nic Dowd and loses puck.
5:21 of 2nd period - Snap shot by Ryan Pulock.
5:21 of 2nd period - Stopped by Antti Raanta with a rebound.
6:40 of 2nd period - Snap shot by Jake Evans.
6:40 of 2nd period - Shot Blocked by Josh Archibald.
6:42 of 2nd period - Slapshot by Jaycob Megna.
6:42 of 2nd period - Shot Misses the Net.
6:44 of 2nd period - Wrist shot by Joel Kiviranta.
6:44 of 2nd period - Shot Misses the Net.
6:46 of 2nd period - Wrist shot by Jake Evans.
6:46 of 2nd period - Shot Misses the Net.
7:19 of 2nd period - Blake Coleman is hit by Andrew Peeke and loses puck.
7:40 of 2nd period - Marcus Foligno is hit by Tyler Johnson and loses puck.
7:52 of 2nd period - Phil Kessel is hit by Garnet Hathaway and loses puck.
8:07 of 2nd period - Snap shot by Rocco Grimaldi.
8:07 of 2nd period - Stopped by Connor Hellebuyck without a rebound.
8:08 of 2nd period - Joshua Norris wins face-off versus Jake Evans in Golden Knights zone.
8:09 of 2nd period - Snap shot by Mike Hoffman.
8:09 of 2nd period - Shot Misses the Net.
8:11 of 2nd period - Slapshot by J.J. Moser.
8:11 of 2nd period - Deflect By Ryan Pulock.
8:11 of 2nd period - Stopped by Connor Hellebuyck with a rebound.
8:15 of 2nd period - Wrist shot by Mike Hoffman.
8:15 of 2nd period - Shot Misses the Net.
8:17 of 2nd period - Slapshot by Jonas Siegenthaler.
8:17 of 2nd period - Shot Blocked by Nick Leddy.
9:02 of 2nd period - Nic Dowd is hit by Garnet Hathaway and loses puck.
9:41 of 2nd period - Snap shot by Josh Archibald.
9:41 of 2nd period - Shot Blocked by Jaycob Megna.
10:19 of 2nd period - Snap shot by Ondrej Palat.
10:19 of 2nd period - Stopped by Antti Raanta with a rebound.
10:21 of 2nd period - Minor Penalty to Garnet Hathaway for Tripping.
10:22 of 2nd period - Evgeni Malkin wins face-off versus Joshua Norris in Panthers zone.
10:31 of 2nd period - Backhand shot by Matthew Boldy.
10:31 of 2nd period - Stopped by Antti Raanta without a rebound.
10:32 of 2nd period - Joshua Norris wins face-off versus Evgeni Malkin in Panthers zone.
11:37 of 2nd period - Slapshot by Evgeni Malkin.
11:37 of 2nd period - Deflect By Matthew Boldy.
11:37 of 2nd period - Stopped by Antti Raanta with a rebound.
11:45 of 2nd period - Wrist shot by Evgeni Malkin.
11:45 of 2nd period - Shot Blocked by Tyson Barrie.
11:47 of 2nd period - Snap shot by Evgeni Malkin.
11:47 of 2nd period - Stopped by Antti Raanta with a rebound.
11:49 of 2nd period - Slapshot by Nick Leddy.
11:49 of 2nd period - Shot Misses the Net.
11:51 of 2nd period - Snap shot by Evgeni Malkin.
11:51 of 2nd period - Shot Misses the Net.
11:53 of 2nd period - Slapshot by Matthew Boldy.
11:53 of 2nd period - Shot Misses the Net.
11:55 of 2nd period - Snap shot by Evgeni Malkin.
11:55 of 2nd period - Stopped by Antti Raanta with a rebound.
11:57 of 2nd period - Slapshot by Nick Leddy.
11:57 of 2nd period - Deflect By Taylor Hall.
11:57 of 2nd period - Stopped by Antti Raanta with a rebound.
11:59 of 2nd period - Wrist shot by Brock Boeser.
11:59 of 2nd period - Shot Blocked by Andrew Peeke.
12:19 of 2nd period - Snap shot by Evgeni Malkin.
12:19 of 2nd period - Shot Misses the Net.
12:21 of 2nd period - Penalty to Garnet Hathaway is over, Garnet Hathaway is back on ice.
12:21 of 2nd period - Wrist shot by Evgeni Malkin.
12:21 of 2nd period - Deflect By Matthew Boldy.
12:21 of 2nd period - Stopped by Antti Raanta with a rebound.
12:23 of 2nd period - Slapshot by Ryan Pulock.
12:23 of 2nd period - Shot Blocked by Andrew Peeke.
12:25 of 2nd period - Slapshot by Ryan Pulock.
12:25 of 2nd period - Shot Hit the Post.
12:27 of 2nd period - Wrist shot by Matthew Boldy.
12:27 of 2nd period - Shot Misses the Net.
12:45 of 2nd period - Slapshot by Brock Boeser.
12:45 of 2nd period - Shot Misses the Net.
12:47 of 2nd period - Backhand shot by Matthew Boldy.
12:47 of 2nd period - Stopped by Antti Raanta with a rebound.
12:55 of 2nd period - Slapshot by Evgeni Malkin.
12:55 of 2nd period - Shot Blocked by Tyson Barrie.
12:57 of 2nd period - Snap shot by Matthew Boldy.
12:57 of 2nd period - Stopped by Antti Raanta without a rebound.
12:58 of 2nd period - Anthony Cirelli wins face-off versus Nic Dowd in Panthers zone.
13:05 of 2nd period - Wrist shot by Joshua Norris.
13:05 of 2nd period - Shot Misses the Net.
13:07 of 2nd period - Snap shot by Anthony Cirelli.
13:07 of 2nd period - Shot Blocked by Ondrej Palat.
13:09 of 2nd period - Slapshot by Jonas Siegenthaler.
13:09 of 2nd period - Shot Misses the Net.
13:23 of 2nd period - Jonas Siegenthaler is hit by Tyler Johnson and loses puck.
14:13 of 2nd period - Mike Hoffman is hit by Ondrej Palat and loses puck.
14:37 of 2nd period - Snap shot by Oskar Lindblom.
14:37 of 2nd period - Stopped by Connor Hellebuyck with a rebound.
15:01 of 2nd period - Marcus Foligno is hit by Blake Coleman and loses puck.
16:04 of 2nd period - Off-side.
16:05 of 2nd period - Joshua Norris wins face-off versus Tyler Johnson in neutral zone.
16:29 of 2nd period - Joel Kiviranta is hit by Marcus Foligno and loses puck.
16:46 of 2nd period - Snap shot by Ondrej Palat.
16:46 of 2nd period - Stopped by Antti Raanta with a rebound.
16:48 of 2nd period - Wrist shot by Ondrej Palat.
16:48 of 2nd period - Stopped by Antti Raanta without a rebound.
16:49 of 2nd period - Nic Dowd wins face-off versus Vincent Trocheck in Panthers zone.
16:58 of 2nd period - Snap shot by Ondrej Palat.
16:58 of 2nd period - Stopped by Antti Raanta without a rebound.
16:59 of 2nd period - Evgeni Malkin wins face-off versus Vincent Trocheck in Panthers zone.
17:12 of 2nd period - Snap shot by Evgeni Malkin.
17:12 of 2nd period - Stopped by Antti Raanta with a rebound.
17:23 of 2nd period - Minor Penalty to Evgeni Malkin for Holding Stick.
17:24 of 2nd period - Vincent Trocheck wins face-off versus Jake Evans in Golden Knights zone.
17:25 of 2nd period - Snap shot by Anthony Cirelli.
17:25 of 2nd period - Stopped by Connor Hellebuyck with a rebound.
17:37 of 2nd period - Wrist shot by Brock Boeser.
17:37 of 2nd period - Stopped by Antti Raanta with a rebound.
17:39 of 2nd period - Slapshot by Nick Leddy.
17:39 of 2nd period - Stopped by Antti Raanta with a rebound.
17:49 of 2nd period - Ryan Pulock is hit by Joshua Norris and loses puck.
18:01 of 2nd period - Off-side.
18:02 of 2nd period - Vincent Trocheck wins face-off versus Jake Evans in neutral zone.
18:16 of 2nd period - Slapshot by Anthony Cirelli.
18:16 of 2nd period - Shot Blocked by Jake Evans.
18:53 of 2nd period - Icing by Jamie Oleksiak.
18:54 of 2nd period - Jake Evans wins face-off versus Vincent Trocheck in Panthers zone.
19:13 of 2nd period - Wrist shot by Teuvo Teravainen.
19:13 of 2nd period - Goal by Teuvo Teravainen - Panthers : 2 - Golden Knights : 3.
19:14 of 2nd period - Mike Hoffman wins face-off versus Evgeni Malkin in neutral zone.
19:59 of 2nd period - Snap shot by Phil Kessel.
19:59 of 2nd period - Shot Misses the Net.
Goals for this period are 1 for Panthers vs 0 for Golden Knights.
Shots for this period are 6 for Panthers vs 20 for Golden Knights.

3rd period


0:01 of 3rd period - Evgeni Malkin wins face-off versus Joshua Norris in neutral zone.
1:11 of 3rd period - Wrist shot by Rocco Grimaldi.
1:11 of 3rd period - Shot Blocked by Jaycob Megna.
1:13 of 3rd period - Slapshot by Michael Matheson.
1:13 of 3rd period - Shot Blocked by Johnathan Kovacevic.
1:15 of 3rd period - Wrist shot by Josh Archibald.
1:15 of 3rd period - Stopped by Connor Hellebuyck with a rebound.
1:17 of 3rd period - Backhand shot by Rocco Grimaldi.
1:17 of 3rd period - Stopped by Connor Hellebuyck with a rebound.
1:19 of 3rd period - Slapshot by Jonas Siegenthaler.
1:19 of 3rd period - Stopped by Connor Hellebuyck without a rebound.
1:20 of 3rd period - Evgeni Malkin wins face-off versus Joshua Norris in Golden Knights zone.
1:27 of 3rd period - Snap shot by Mike Hoffman.
1:27 of 3rd period - Stopped by Connor Hellebuyck without a rebound.
1:28 of 3rd period - Joshua Norris wins face-off versus Evgeni Malkin in Golden Knights zone.
1:37 of 3rd period - Slapshot by Mike Hoffman.
1:37 of 3rd period - Shot Hit the Post.
1:39 of 3rd period - Slapshot by Andrew Peeke.
1:39 of 3rd period - Stopped by Connor Hellebuyck without a rebound.
1:40 of 3rd period - Evgeni Malkin wins face-off versus Garnet Hathaway in Golden Knights zone.
1:53 of 3rd period - Slapshot by Evgeni Malkin.
1:53 of 3rd period - Shot Misses the Net.
2:39 of 3rd period - Taylor Hall is hit by Ondrej Palat and loses puck.
2:54 of 3rd period - Snap shot by Josh Archibald.
2:54 of 3rd period - Shot Blocked by Tyler Johnson.
2:56 of 3rd period - Snap shot by Josh Archibald.
2:56 of 3rd period - Shot Blocked by Tyler Johnson.
3:20 of 3rd period - Snap shot by Kevin Labanc.
3:20 of 3rd period - Stopped by Connor Hellebuyck without a rebound.
3:21 of 3rd period - Garnet Hathaway wins face-off versus Jake Evans in Golden Knights zone.
4:27 of 3rd period - Wrist shot by Kevin Labanc.
4:27 of 3rd period - Shot Blocked by Blake Coleman.
4:29 of 3rd period - Snap shot by Jonas Siegenthaler.
4:29 of 3rd period - Shot Misses the Net.
4:31 of 3rd period - Slapshot by Marcus Foligno.
4:31 of 3rd period - Stopped by Connor Hellebuyck without a rebound.
4:32 of 3rd period - Evgeni Malkin wins face-off versus Garnet Hathaway in Golden Knights zone.
4:44 of 3rd period - Icing by Brock Boeser.
4:45 of 3rd period - Joshua Norris wins face-off versus Evgeni Malkin in Golden Knights zone.
4:46 of 3rd period - Slapshot by Anthony Cirelli.
4:46 of 3rd period - Deflect By Joshua Norris.
4:46 of 3rd period - Shot Misses the Net.
4:46 of 3rd period - Puck is out of play.
4:47 of 3rd period - Evgeni Malkin wins face-off versus Joshua Norris in Golden Knights zone.
4:52 of 3rd period - Snap shot by Mike Hoffman.
4:52 of 3rd period - Stopped by Connor Hellebuyck with a rebound.
4:54 of 3rd period - Slapshot by Tyson Barrie.
4:54 of 3rd period - Stopped by Connor Hellebuyck without a rebound.
4:55 of 3rd period - Joshua Norris wins face-off versus Evgeni Malkin in Golden Knights zone.
5:16 of 3rd period - Snap shot by Anthony Cirelli.
5:16 of 3rd period - Stopped by Connor Hellebuyck with a rebound.
5:18 of 3rd period - Slapshot by Jamie Oleksiak.
5:18 of 3rd period - Stopped by Connor Hellebuyck with a rebound.
5:20 of 3rd period - Slapshot by Tyson Barrie.
5:20 of 3rd period - Stopped by Connor Hellebuyck without a rebound.
5:21 of 3rd period - Vincent Trocheck wins face-off versus Nic Dowd in Golden Knights zone.
5:24 of 3rd period - Backhand shot by Taylor Hall.
5:24 of 3rd period - Shot Misses the Net.
5:36 of 3rd period - Wrist shot by Vincent Trocheck.
5:36 of 3rd period - Shot Misses the Net.
5:46 of 3rd period - Blake Coleman is hit by Josh Archibald and loses puck.
6:06 of 3rd period - Icing by Ondrej Palat.
6:07 of 3rd period - Evgeni Malkin wins face-off versus Garnet Hathaway in Golden Knights zone.
7:11 of 3rd period - Snap shot by Mike Hoffman.
7:11 of 3rd period - Stopped by Connor Hellebuyck without a rebound.
7:12 of 3rd period - Garnet Hathaway wins face-off versus Evgeni Malkin in Golden Knights zone.
7:25 of 3rd period - Garnet Hathaway is hit by Evgeni Malkin and loses puck.
7:38 of 3rd period - Jacob Bryson is hit by Jamie Oleksiak and loses puck.
8:18 of 3rd period - Ryan Pulock is hit by Joshua Norris and loses puck.
9:15 of 3rd period - Johnathan Kovacevic is hit by Mike Hoffman and loses puck.
9:20 of 3rd period - Wrist shot by Mike Hoffman.
9:20 of 3rd period - Goal by Mike Hoffman - Panthers : 3 - Golden Knights : 3.
9:21 of 3rd period - Joshua Norris wins face-off versus Evgeni Malkin in neutral zone.
9:34 of 3rd period - Snap shot by Joshua Norris.
9:34 of 3rd period - Shot Misses the Net.
9:48 of 3rd period - Ondrej Palat is hit by Teuvo Teravainen and loses puck.
9:57 of 3rd period - Slapshot by Jaycob Megna.
9:57 of 3rd period - Deflect By Tyson Barrie.
9:57 of 3rd period - Stopped by Antti Raanta with a rebound.
10:09 of 3rd period - Snap shot by Garnet Hathaway.
10:09 of 3rd period - Shot Misses the Net.
10:11 of 3rd period - Slapshot by Jamie Oleksiak.
10:11 of 3rd period - Stopped by Connor Hellebuyck with a rebound.
10:13 of 3rd period - Slapshot by Garnet Hathaway.
10:13 of 3rd period - Stopped by Connor Hellebuyck with a rebound.
10:15 of 3rd period - Wrist shot by Kevin Labanc.
10:15 of 3rd period - Goal by Kevin Labanc - Panthers : 4 - Golden Knights : 3.
10:16 of 3rd period - Evgeni Malkin wins face-off versus Mike Hoffman in neutral zone.
11:06 of 3rd period - Wrist shot by Vincent Trocheck.
11:06 of 3rd period - Stopped by Connor Hellebuyck without a rebound.
11:07 of 3rd period - Vincent Trocheck wins face-off versus Evgeni Malkin in Golden Knights zone.
11:10 of 3rd period - Snap shot by Vincent Trocheck.
11:10 of 3rd period - Stopped by Connor Hellebuyck without a rebound.
11:11 of 3rd period - Evgeni Malkin wins face-off versus Vincent Trocheck in Golden Knights zone.
11:43 of 3rd period - Slapshot by Anthony Cirelli.
11:43 of 3rd period - Stopped by Connor Hellebuyck with a rebound.
12:36 of 3rd period - Minor Penalty to Michael Matheson for Hooking.
12:37 of 3rd period - Joshua Norris wins face-off versus Evgeni Malkin in Panthers zone.
13:11 of 3rd period - Wrist shot by Blake Coleman.
13:11 of 3rd period - Goal by Blake Coleman - Panthers : 4 - Golden Knights : 4.
13:12 of 3rd period - Evgeni Malkin wins face-off versus Joshua Norris in neutral zone.
13:17 of 3rd period - Snap shot by Matthew Boldy.
13:17 of 3rd period - Shot Blocked by Andrew Peeke.
13:19 of 3rd period - Snap shot by Evgeni Malkin.
13:19 of 3rd period - Stopped by Antti Raanta with a rebound.
13:21 of 3rd period - Slapshot by Brock Boeser.
13:21 of 3rd period - Stopped by Antti Raanta without a rebound.
13:22 of 3rd period - Evgeni Malkin wins face-off versus Joshua Norris in Panthers zone.
13:27 of 3rd period - Slapshot by Evgeni Malkin.
13:27 of 3rd period - Stopped by Antti Raanta with a rebound.
13:31 of 3rd period - Wrist shot by Evgeni Malkin.
13:31 of 3rd period - Stopped by Antti Raanta with a rebound.
13:33 of 3rd period - Wrist shot by Matthew Boldy.
13:33 of 3rd period - Shot Blocked by Michael Matheson.
13:57 of 3rd period - Wrist shot by Matthew Boldy.
13:57 of 3rd period - Stopped by Antti Raanta with a rebound.
13:59 of 3rd period - Snap shot by Brock Boeser.
13:59 of 3rd period - Shot Blocked by Andrew Peeke.
14:01 of 3rd period - Snap shot by Brock Boeser.
14:01 of 3rd period - Shot Blocked by Andrew Peeke.
14:03 of 3rd period - Snap shot by Evgeni Malkin.
14:03 of 3rd period - Shot Misses the Net.
14:05 of 3rd period - Snap shot by Brock Boeser.
14:05 of 3rd period - Shot Misses the Net.
14:07 of 3rd period - Snap shot by Matthew Boldy.
14:07 of 3rd period - Shot Blocked by Michael Matheson.
14:09 of 3rd period - Slapshot by Jaycob Megna.
14:09 of 3rd period - Shot Misses the Net.
14:11 of 3rd period - Slapshot by Matthew Boldy.
14:11 of 3rd period - Stopped by Antti Raanta without a rebound.
14:12 of 3rd period - Nic Dowd wins face-off versus Garnet Hathaway in Panthers zone.
15:45 of 3rd period - Jamie Oleksiak is hit by Ondrej Palat and loses puck.
16:30 of 3rd period - Wrist shot by Brock Boeser.
16:30 of 3rd period - Stopped by Antti Raanta with a rebound.
16:32 of 3rd period - Slapshot by Jaycob Megna.
16:32 of 3rd period - Stopped by Antti Raanta with a rebound.
16:34 of 3rd period - Snap shot by Matthew Boldy.
16:34 of 3rd period - Stopped by Antti Raanta with a rebound.
18:05 of 3rd period - Slapshot by Tyson Barrie.
18:05 of 3rd period - Stopped by Connor Hellebuyck with a rebound.
18:07 of 3rd period - Wrist shot by Josh Archibald.
18:07 of 3rd period - Stopped by Connor Hellebuyck without a rebound.
18:08 of 3rd period - Garnet Hathaway wins face-off versus Jake Evans in Golden Knights zone.
18:09 of 3rd period - Slapshot by Marcus Foligno.
18:09 of 3rd period - Stopped by Connor Hellebuyck with a rebound.
18:11 of 3rd period - Minor Penalty to Johnathan Kovacevic for Elbowing.
18:12 of 3rd period - Joshua Norris wins face-off versus Jake Evans in Golden Knights zone.
18:21 of 3rd period - Backhand shot by Joshua Norris.
18:21 of 3rd period - Stopped by Connor Hellebuyck with a rebound.
18:23 of 3rd period - Slapshot by Michael Matheson.
18:23 of 3rd period - Shot Misses the Net.
Goals for this period are 2 for Panthers vs 1 for Golden Knights.
Shots for this period are 24 for Panthers vs 11 for Golden Knights.

Overtime #1


0:01 of 1st overtime period - Vincent Trocheck wins face-off versus Jake Evans in neutral zone.
0:04 of 1st overtime period - Snap shot by Michael Matheson.
0:04 of 1st overtime period - Shot Misses the Net.
0:06 of 1st overtime period - Slapshot by Michael Matheson.
0:06 of 1st overtime period - Shot Blocked by Jake Evans.
0:08 of 1st overtime period - Snap shot by Jamie Oleksiak.
0:08 of 1st overtime period - Stopped by Connor Hellebuyck without a rebound.
0:09 of 1st overtime period - Vincent Trocheck wins face-off versus Jake Evans in Golden Knights zone.
0:11 of 1st overtime period - Penalty to Johnathan Kovacevic is over, Johnathan Kovacevic is back on ice.
1:38 of 1st overtime period - Wrist shot by Vincent Trocheck.
1:38 of 1st overtime period - Shot Misses the Net.
1:40 of 1st overtime period - Snap shot by Vincent Trocheck.
1:40 of 1st overtime period - Stopped by Connor Hellebuyck without a rebound.
1:41 of 1st overtime period - Anthony Cirelli wins face-off versus Evgeni Malkin in Golden Knights zone.
1:54 of 1st overtime period - Snap shot by Brock Boeser.
1:54 of 1st overtime period - Goal by Brock Boeser - Panthers : 4 - Golden Knights : 5.
Goals for this period are 0 for Panthers vs 1 for Golden Knights.
Shots for this period are 2 for Panthers vs 1 for Golden Knights.